 Dungeon Crawl Stone Soup version 0.27-a0-899-ge2d0b17c59 (webtiles) character file.

Game seed: 17470710881565169905

18 robertstho the Skirmisher (level 2, -1/27 HPs)
             Began as a Minotaur Chaos Knight on Apr 5, 2021.
             Was a Plaything of Xom.
             Killed by Freeze
             ... generated by an endoplasm
              (5 damage)
             ... on level 1 of the Dungeon.
             The game lasted 00:00:40 (451 turns).

robertstho the Skirmisher (Minotaur Chaos Knight)    Turns: 451, Time: 00:00:42

Health: -1/27      AC:  5    Str: 16    XL:     2   Next: 51%
Magic:  1/1        EV: 11    Int:  9    God:    Xom [..*...]
Gold:   19         SH:  0    Dex:  9    Spells: 1/1 levels left

rFire    . . .     SeeInvis .   a - +0 falchion (chaos)
rCold    . . .     Faith    .   (no shield)
rNeg     . . .     Spirit   .   b - +2 leather armour
rPois    .         Reflect  .   (helmet restricted)
rElec    .         Harm     .   (no cloak)
rCorr    .         Rampage  .   (no gloves)
Will     .....                  (no boots)
Stlth    +.........             (no amulet)
HPRegen  0.09/turn              (no ring)
MPRegen  0.07/turn              (no ring)

@: no status effects
A: horns 2, retaliatory headbutt
a: Renounce Religion


You were on level 1 of the Dungeon.
You worshipped Xom.
You were a toy of Xom.
You visited 1 branch of the dungeon, and saw 1 of its levels.

You collected 19 gold pieces.

Inventory:

Hand Weapons
 a - a +0 falchion of chaos (weapon)
Armour
 b - a +2 leather armour (worn)


   Skills:
 * Level 4.1 Fighting
 + Level 4.1 Long Blades
 * Level 2.5 Armour
 * Level 1.3 Dodging


You had one spell level left.
You didn't know any spells.
Your spell library was empty.

Dungeon Overview and Level Annotations

Branches:
Dungeon (1/15)

Altars:


Innate Abilities, Weirdness & Mutations

You have a pair of horns on your head.
You reflexively headbutt those who attack you in melee.


Message History

The jackal closely misses you. x2; You riposte.
You hit the jackal.
The jackal seems to speed up.
The jackal is heavily wounded.
You hit the jackal.
You kill the jackal!
The jackal bites the withered plant.
The withered plant begins to crumble.
The jackal bites the withered plant.
The jackal bites you but does no damage.
You hit the jackal.
The jackal seems to speed up.
The jackal is severely wounded.
The jackal bites you but does no damage.
The jackal bites the withered plant.
The jackal misses you.
The endoplasm hits the plant.
The plant begins to die.
You hit the jackal but do no damage.
The jackal is poisoned.
The jackal is heavily wounded.
The jackal bites you.
* * * LOW HITPOINT WARNING * * *
The jackal bites the withered plant.
The jackal bites you.
* * * LOW HITPOINT WARNING * * *
The jackal bites the withered plant.
The endoplasm hits the plant.
You completely miss the jackal. Your headbutt misses the jackal.
The jackal is almost dead.
The jackal closely misses you. x2; You riposte.
You hit the jackal.
You kill the jackal!
The jackal bites you but does no damage.
You barely miss the jackal. Your headbutt misses the jackal.
The withered plant crumbles away.
The jackal barely misses you. You furiously retaliate!
You headbutt the jackal, but do no damage.
You closely miss the jackal. The jackal bites you.
* * * LOW HITPOINT WARNING * * *
The endoplasm jiggles.
The jackal bites you but does no damage.
You hit the jackal but do no damage.
The jackal changes into a shapeshifter!
A nearby plant withers and dies.
The shapeshifter changes into a cane toad!
The endoplasm freezes you.
You are frozen.
You die...
Xom chortles!

...........# #................#≈
...........h# #......#....#....#≈
............# #J........###... #≈
............###†.....(...... #≈
.........#####..........#... #≈
h........#####'####......... #≈
.##........#PP..P##......... #.
.##........#PP.FP##......... #P
...........#PP.P@#.(........ +.
).........$#P.PJP#........#...##(
...........##PPP##............##♣
.........#####P###............##♣
?........# #_# #.............#♣
.........# #.# #.............#♣
.........# P. #.#...........#
.........# . #.#...........##
.....##### ###.............


You could see a cane toad shaped shifter and an endoplasm.

Vanquished Creatures
  An endoplasm (D:1)
  A giant cockroach (D:1)
  3 goblins (D:1)
  A hobgoblin (D:1)
  5 jackals (D:1)
  A kobold (D:1)
  A quokka (D:1)
  A rat (D:1)
14 creatures vanquished.

Vanquished Creatures (others)
  A plant (D:1)
  A withered plant (D:1)
2 creatures vanquished.

Grand Total: 16 creatures vanquished

Notes
Turn   | Place    | Note
-------+----------+-------------------------------------------
     0 | D:1      | robertstho the Minotaur Chaos Knight began the quest for
                  | the Orb.
     0 | D:1      | Reached XP level 1. HP: 19/19 MP: 0/0
   387 | D:1      | XOM: 3-stop teleportation journey
   394 | D:1      | Reached XP level 2. HP: 23/27 MP: 1/1
   418 | D:1      | XOM: potion effect (curing)
   440 | D:1      | Found a faded altar of an unknown god.
   451 | D:1      | Noticed a shapeshifter
   451 | D:1      | a jackal changed into a shapeshifter
   451 | D:1      | Noticed a cane toad
   451 | D:1      | a shapeshifter changed into a cane toad
   451 | D:1      | Killed from afar by an endoplasm

Illustrated notes

Levels and vault maps discovered:
D:1:      tarquinn_simple_flora_water_c, layout_basic,
          shapermc_ecumenical_altar_flowoftime, minmay_misc_feat_columns,
          minmay_tall_x

Skill      XL: |  1  2 |
---------------+-------+-----
Fighting       | 4 |  4.1
Long Blades    | 4 |  4.1
Armour         | |  2.5
Dodging        | |  1.3

Action                   || total
-------------------------++-------
Melee: Falchion          ||    37
       Headbutt          ||     4
  Use: Scroll            ||     1
Armor: Leather armour    ||    35
Dodge: Dodged            ||    31
       Rpst.: Falchion   ||     8

Table legend: (Time is in decaauts)
 A = Elapsed time spent in this place.
 B = Non-inter-level travel time spent in this place.
 C = Inter-level travel time spent in this place.
 D = Time resting spent in this place.
 E = Time spent auto-exploring this place.
 F = Levels seen in this place.
 G = Mean time per level.
                   A        B        C        D        E       F      G
               +--------+--------+--------+--------+--------+-----+--------+
         Total |    454 |    454 |      0 |      0 |    359 |   1 |  454.0 |
       Dungeon |    454 |    454 |      0 |      0 |    359 |   1 |  454.0 |
               +--------+--------+--------+--------+--------+-----+--------+

Top non-repeatable levels by time:
     D:1: 454 daAuts
